 Dungeon Crawl Stone Soup version 0.31.0-11-ge490571c62 (webtiles) character file.

Game seed: 17203630681263931061

374 qw the Shooter (level 6, -1/30 HPs)
             Began as a Spriggan Hunter on Feb 4, 2024.
             Slain by a quokka (2 damage)
             ... on level 4 of the Dungeon.
             The game lasted 00:00:10 (2608 turns).

qw the Shooter (Spriggan Hunter)                    Turns: 2608, Time: 00:00:10

Health: -1/30      AC:  2    Str:  7    XL:     6   Next: 43%
Magic:  7/7        EV: 21    Int: 10    God:
Gold:   240        SH:  0    Dex: 21    Spells: 5/5 levels left

rFire   . . .        a - +1 shortbow
rCold   . . .        (shield currently unavailable)
rNeg    . . .        c - +0 robe
rPois   .            (helmet restricted)
rElec   .            (no cloak)
rCorr   .            (gloves unavailable)
SInv    +            (boots unavailable)
Will    +....        (no amulet)
Stlth   ++           (no ring)
HPRegen 0.25/turn    (no ring)
MPRegen 0.10/turn

%: no passive effects
@: very quick
A: very small, no large weapons, unfitting armour, see invisible, speed 3
a: no special abilities


You were on level 4 of the Dungeon.
You visited 1 branch of the dungeon, and saw 5 of its levels.

You collected 240 gold pieces.


Innate Abilities, Weirdness & Mutations

You are very small and have problems with some larger weapons.
You are too small for most types of armour.
You have supernaturally acute eyesight. (SInv)
You cover ground extremely quickly. (Speed+++)


   Skills:
 - Level 2.2 Fighting
 + Level 6.2 Ranged Weapons
 - Level 6.1 Dodging
 - Level 1.5 Stealth


You had 5 spell levels left.
You didn't know any spells.
Your spell library was empty.

Inventory:

Hand Weapons
 a - a +1 shortbow (weapon)
Armour
 c - a +0 robe (worn)
Wands
 b - a wand of roots (5)
 d - a wand of flame (36)
Potions
 e - 2 potions of mutation
 g - a potion of might
 h - 3 potions of curing
 i - a potion of enlightenment {unknown}
 k - a potion of haste {unknown}

Dungeon Overview and Level Annotations

Branches:
Dungeon (5/15)
 Temple: D:4-7

Altars:
Hepliaklqana
Sif Muna
Yredelemnul
The Shining One


Message History

Your Dodging skill increases to level 6!
You start resting.
HP restored.
You climb downwards.
The gnoll completely misses you. The gnoll closely misses you.
There is a stone staircase leading up here.
2599 ||| STAIRDANCE The gnoll misses you.
The gnoll completely misses you. The quokka closely misses you.
You climb upwards.
There is a stone staircase leading down here.
You shoot an arrow. The arrow hits the gnoll.
The gnoll is lightly wounded.
The gnoll closely misses you. The gnoll completely misses you.
The quokka completely misses you. The gnoll closely misses you. x2
You shoot an arrow. The arrow barely misses the gnoll.
The quokka completely misses you.
The quokka bites you but does no damage.
The gnoll completely misses you. The gnoll hits you with a +0 spear.
You shoot an arrow. The arrow closely misses the gnoll.
The quokka misses you.
The gnoll hits you with a +2 flail of holy wrath!
The gnoll hits you with a +0 spear.
You shoot an arrow. The arrow hits the gnoll.
The gnoll is moderately wounded.
The quokka bites you. The gnoll completely misses you.
The gnoll hits you with a +0 spear.
You shoot an arrow. The arrow barely misses the gnoll.
The quokka barely misses you. The gnoll barely misses you.
The gnoll closely misses you. The quokka misses you.
You shoot an arrow. The arrow hits the gnoll!
The gnoll is severely wounded.
The gnoll completely misses you. The gnoll misses you. The quokka misses you.
You shoot an arrow. The arrow barely misses the gnoll.
The quokka completely misses you. The gnoll completely misses you.
The gnoll hits you with a +0 spear!
You shoot an arrow. The arrow hits the gnoll!
You kill the gnoll!
The quokka bites you.
You die...

#.......####.......#
.........#.........#
.........'.......###
.........#..#....#
#..<....##..#..#.#
##.....###..#.##.#
##...## #..#.##.#
##'## #.....rg# #.#
##....)@# #.#
###.#### ##.## #.#
##...## #.#
#.....######.#
##...#....[..#
####.##.#######
.######.# ........#


You could see a gnoll and a quokka.

Vanquished Creatures
  A phantom (D:4)
  A bullfrog (D:4)
  A crimson imp (D:4)
  2 bombardier beetles
  An orc priest (D:4)
  An iguana (D:3)
  A gnoll (D:4)
  An adder (D:2)
  8 orcs
  9 ball pythons
  3 bats
  5 endoplasms
  3 giant cockroaches
  7 goblins
  6 hobgoblins
  4 jackals (D:1)
  3 quokkas
  A goblin zombie (D:4)
  3 hobgoblin zombies (D:4)
  3 kobolds (D:1)
  2 kobold skeletons (D:4)
  A kobold zombie (D:4)
  An orc skeleton (D:4)
  An orc zombie (D:4)
  A rat (D:3)
70 creatures vanquished.

Notes
Turn   | Place    | Note
-------+----------+-------------------------------------------
     0 | D:1      | qw the Spriggan Hunter began the quest for the Orb.
     0 | D:1      | Reached XP level 1. HP: 10/10 MP: 2/2
     0 | D:1      | 0 ||| qw: Version: 0.3-a-160-g6735b56
     0 | D:1      | 0 ||| qw: Game counter: 5600
     0 | D:1      | 0 ||| qw: Melee chars always use a shield: true
     0 | D:1      | 0 ||| qw: God list: Okawaru
     0 | D:1      | 0 ||| qw: Allow faded altars: false
     0 | D:1      | 0 ||| qw: Do Orc after clearing Dungeon:15 true
     0 | D:1      | 0 ||| qw: Do second Lair branch before Depths: true
     0 | D:1      | 0 ||| qw: Lair rune preference: random
     0 | D:1      | 0 ||| qw: Goals: Normal
     0 | D:1      | 0 ||| PLANNING D:1-11
   108 | D:1      | Reached skill level 3 in Dodging
   237 | D:1      | Reached XP level 2. HP: 14/14 MP: 3/3
   822 | D:1      | 822 ||| READING scroll labelled DAF OKYODIL.
   823 | D:1      | 823 ||| READING scroll labelled HYGU HAIGEEGUP.
   824 | D:1      | 824 ||| READING scroll labelled NOKIUGOSHRI.
   825 | D:1      | 825 ||| DRINKING 3 cyan potions.
   826 | D:1      | 826 ||| DROPPING scroll of butterflies.
  1082 | D:2      | Reached XP level 3. HP: 14/18 MP: 4/4
  1157 | D:2      | 1157 ||| DRINKING 2 fizzy purple potions.
  1175 | D:3      | 1175 ||| STAIRDANCE
  1274 | D:3      | HP: 3/18 [iguana (4)]
  1278 | D:3      | Reached XP level 4. HP: 5/22 MP: 5/5
  1504 | D:3      | Found a hazy altar of Hepliaklqana.
  1593 | D:3      | 1593 ||| READING scroll labelled TYNOKOCAST.
  1593 | D:3      | 1593 ||| ENCHANTING +0 shortbow.
  1594 | D:3      | 1594 ||| READING scroll labelled WAFABBE GUDA.
  1598 | D:3      | 1598 ||| READING 2 scrolls labelled LAT MOFASEURYJ.
  1598 | D:3      | 1598 ||| IDENTIFYING glowing brown potion
  1599 | D:3      | 1599 ||| READING scroll of identify.
  1599 | D:3      | 1599 ||| IDENTIFYING bubbling pink potion
  1600 | D:3      | 1600 ||| DRINKING 2 murky pink potions.
  1601 | D:3      | 1601 ||| DROPPING potion of attraction.
  1602 | D:3      | 1602 ||| DROPPING potion of magic.
  1692 | D:4      | Found a basalt altar of Yredelemnul.
  1748 | D:4      | Reached XP level 5. HP: 26/26 MP: 6/6
  1871 | D:4      | Found a glowing golden altar of the Shining One.
  1895 | D:4      | Noticed a phantom
  1896 | D:4      | 1896 ||| ZAPPING wand of flame (46) at -3,7 (phantom;
                  | floor).
  1897 | D:4      | 1897 ||| ZAPPING wand of flame (45) at -3,6 (phantom;
                  | floor).
  1898 | D:4      | 1898 ||| ZAPPING wand of flame (44) at -3,5 (phantom;
                  | escape_hatch_up).
  1899 | D:4      | 1899 ||| ZAPPING wand of flame (43) at -3,4 (phantom;
                  | floor).
  1900 | D:4      | 1900 ||| ZAPPING wand of flame (42) at -2,3 (phantom;
                  | floor).
  1901 | D:4      | 1901 ||| ZAPPING wand of flame (41) at -1,2 (phantom;
                  | floor).
  1902 | D:4      | 1902 ||| ZAPPING wand of flame (40) at 0,1 (phantom;
                  | floor).
  1903 | D:4      | 1903 ||| ZAPPING wand of flame (39) at 0,1 (phantom;
                  | floor).
  1904 | D:4      | 1904 ||| ZAPPING wand of flame (38) at 0,1 (phantom;
                  | floor).
  1905 | D:4      | 1905 ||| ZAPPING wand of flame (37) at 0,1 (phantom;
                  | floor).
  1905 | D:4      | Killed a phantom
  1906 | D:4      | Reached skill level 6 in Ranged Weapons
  1906 | D:4      | Reached XP level 6. HP: 30/30 MP: 7/7
  2069 | D:4      | Found a shimmering blue altar of Sif Muna.
  2406 | D:4      | 2406 ||| READING scroll labelled MORHEF QAYLEXE.
  2406 | D:4      | 2406 ||| ENCHANTING +1 shortbow.
  2407 | D:4      | 2407 ||| READING scroll labelled NALAIR JYRHI.
  2574 | D:5      | Entered Level 5 of the Dungeon
  2579 | D:5      | 2579 ||| STAIRDANCE
  2583 | D:4      | Reached skill level 6 in Dodging
  2599 | D:5      | 2599 ||| STAIRDANCE
  2604 | D:4      | HP: 7/30 [gnoll/+0 spear (3)]
  2607 | D:4      | HP: 1/30 [gnoll/+0 spear (7)]
  2608 | D:4      | Slain by a quokka

Levels and vault maps discovered:
D:1:      reono_arrival_mine, layout_basic, hangedman_decor_points
D:2:      layout_basic
D:3:      layout_rooms, nicolae_hepliaklqana_hippocampus
D:4:      layout_loops_corners, mainiacjoe_overflow_paths, led_sif_pool,
          nicolae_tso_besieged_by_evil
D:5:      layout_cave_pools, mainiacjoe_overflow_tiny_flanked, serial_shops,
          nicolae_shop_bloodbath_and_beyond, nicolae_stop_n_shop_1, uniq_edmund

Skill      XL: |  1  2  3  4  5  6 |
---------------+-------------------+-----
Dodging        | 3 4 5 6 |  6.1
Ranged Weapons | 5 6 |  6.2
Fighting       | 2 |  2.2
Stealth        | |  1.5

Action                     |  1- 3 |  4- 6 || total
---------------------------+-------+-------++-------
   Fire: Shortbow          |   102 |    94 ||   196
  Evoke: Wand              |       |    10 ||    10
    Use: Scroll            |     3 |     6 ||     9
         Potion            |     2 |     1 ||     3
 Armour: Robe              |     9 |    13 ||    22
  Dodge: Dodged            |    39 |    35 ||    74

Table legend:
 A = Non-vault XP
 B = Vault XP
 C = Vault XP percentage of total XP
 D = Non-vault monster count
 E = Vault monster count
 F = Vault count percentage of total count
                 A         B        C        D         E       F
            +---------+---------+-------+---------+---------+-------
      Total |     491 |      59 |  10.7 |      60 |      10 |  14.3
            +---------+---------+-------+---------+---------+-------
        D:1 |      32 |       0 |   0.0 |      18 |       0 |   0.0
        D:2 |      23 |       0 |   0.0 |       6 |       0 |   0.0
        D:3 |      70 |       0 |   0.0 |      17 |       0 |   0.0
        D:4 |     324 |      59 |  15.4 |      18 |      10 |  35.7
        D:5 |      42 |       0 |   0.0 |       1 |       0 |   0.0
            +---------+---------+-------+---------+---------+-------
